 Dungeon Crawl Stone Soup version 0.25-a0-802-g0be837a (webtiles) character file.

Game seed: 16252668812989090355, levelgen mode: deterministic

255 2tousent the Changer (level 5, -3/44 HPs)
             Began as a Draconian Transmuter on Apr 18, 2020.
             Slain by a wyvern zombie (10 damage)
             ... on level 4 of the Dungeon.
             The game lasted 00:08:55 (3242 turns).

2tousent the Changer (Draconian Transmuter)         Turns: 3242, Time: 00:08:56

Health: -3/44      AC:  2    Str: 12    XL:     5   Next: 91%
Magic:  15/17      EV: 20    Int: 13    God:
Gold:   166        SH:  0    Dex: 18    Spells: 3/8 levels left

rFire    . . .     SeeInvis .     - Unarmed
rCold    . . .     Gourm    .   (shield currently unavailable)
rNeg     . . .     Faith    .   (armour unavailable)
rPois    x         Spirit   .   (helmet currently unavailable)
rElec    .         Reflect  .   (cloak currently unavailable)
rCorr    .         Harm     .   (gloves currently unavailable)
MR       .....                  (boots currently unavailable)
Stlth    ++........             (no amulet)
HPRegen  0.14/turn              n - ring of magical power
MPRegen  0.15/turn              (no ring)

@: spider-form (expiring), lightly drained
A: tiny, unfitting armour, AC +5
a: End Transformation


You were on level 4 of the Dungeon.
You were hungry.
You were a venomous arachnid creature.
You visited 1 branch of the dungeon, and saw 4 of its levels.

You collected 166 gold pieces.

Inventory:

Hand Weapons
 i - a +1 dagger of venom (melded)
Missiles
 a - 52 arrows
Jewellery
 k - an uncursed amulet of harm
 n - a ring of magical power (left front leg)
Scrolls
 b - 4 scrolls of teleportation
 f - a scroll of noise
 h - a scroll of identify
 o - a scroll of remove curse
Potions
 d - a potion of ambrosia
 e - a potion of curing
 g - a potion of degeneration {unknown}
 j - a potion of flight {unknown}
 l - 2 potions of mutation
 m - a potion of cancellation {unknown}
 p - a potion of haste {unknown}
 r - a potion of berserk rage {unknown}
 s - a potion of heal wounds {unknown}
Comestibles
 c - 6 rations


   Skills:
 + Level 2.9(2.8) Fighting
 + Level 2.9(2.7) Dodging
 + Level 4.0(3.9) Unarmed Combat
 - Level 2.0(1.8) Spellcasting
 * Level 4.1(3.9) Transmutations


You had 3 spell levels left.
You knew the following spells:

 Your Spells              Type           Power        Failure   Level  Hunger
b - Spider Form           Tmut/Pois      #.........   56%         3    ####...
c - Sticks to Snakes      Tmut           ##......     21%         2    ###....

Your spell library contained the following spells:

 Spells                   Type           Power        Failure   Level  Hunger
 Beastly Appendage        Tmut           ##....       14%         1    ##.....
 Ice Form                 Ice/Tmut       #.......     89%         4    #####..
 Blade Hands              Tmut           ##........   92%         5    ######.


Dungeon Overview and Level Annotations

Branches:
Dungeon (4/15)
 Temple: D:4-7

Altars:
Cheibriados
Fedhas
Hepliaklqana
Kikubaaqudgha
Xom


Innate Abilities, Weirdness & Mutations

((Your plain brown scales are hard. (AC +5)))
You cannot fit into any form of body armour.
((You are cold-blooded and may be slowed by cold attacks.))


Message History

The wyvern zombie is moderately damaged.
Your transformation is almost over.
The wyvern zombie completely misses you.
You bite the wyvern zombie!
The wyvern zombie is heavily damaged.
The wyvern zombie completely misses you. x2
You hit the wyvern zombie.
The wyvern zombie is heavily damaged.
The wyvern zombie barely misses you.
You bite the wyvern zombie!
The wyvern zombie is severely damaged.
The wyvern zombie bites you.
* * * LOW HITPOINT WARNING * * *
You hit the wyvern zombie but do no damage.
The wyvern zombie is severely damaged.
The wyvern zombie closely misses you.
You hit the wyvern zombie but do no damage.
The wyvern zombie is severely damaged.
The wyvern zombie bites you!
You die...

.........####
........(... .
...$<......# ..
........... ...
........?. ....#
#.......#.....#
#.............#
#.....Z###....##
......%.s.#.....
..#######'#..#
#.......#
+.......#
#......[#
####.......#
#..........#
#.#........#
#.#........#


You could see a wyvern zombie.

Vanquished Creatures
  2 orc priests (D:3)
  A hound (D:3)
  An orc wizard (D:3)
  A hound skeleton (D:3)
  A gnoll (D:3)
  An adder (D:4)
  A worm (D:2)
  2 dart slugs
  A leopard gecko (D:2)
  6 orcs
  2 giant cockroaches
  5 goblins
  14 hobgoblins
  6 jackals
  10 kobolds
  6 bats
  3 frilled lizards
  7 rats
70 creatures vanquished.

Vanquished Creatures (collateral kills)
  Jessica (D:2)
  A worm (D:2)
  2 hobgoblins
4 creatures vanquished.

Vanquished Creatures (others)
  A human (D:2)
1 creature vanquished.

Grand Total: 75 creatures vanquished

Notes
Turn   | Place    | Note
-------+----------+-------------------------------------------
     0 | D:1      | 2tousent the Draconian Transmuter began the quest for the
                  | Orb.
     0 | D:1      | Reached XP level 1. HP: 16/16 MP: 3/3
   204 | D:1      | Reached XP level 2. HP: 16/23 MP: 5/5
   220 | D:1      | Learned a level 2 spell: Sticks to Snakes
   801 | D:1      | Reached XP level 3. HP: 24/29 MP: 2/6
  1261 | D:2      | Noticed Jessica
  1293 | D:2      | Killed Jessica
  1434 | D:2      | Reached XP level 4. HP: 7/36 MP: 1/7
  1747 | D:2      | Found an ancient bone altar of Kikubaaqudgha.
  1748 | D:2      | Noticed a human
  1750 | D:2      | Killed a human
  2116 | D:3      | Learned a level 3 spell: Spider Form
  2265 | D:3      | Reached XP level 5. HP: 41/42 MP: 8/8
  2852 | D:3      | Found a shimmering altar of Xom.
  2854 | D:3      | Found a radiant altar of Vehumet.
  2854 | D:3      | Found a snail-covered altar of Cheibriados.
  2856 | D:3      | Found a sacrificial altar of Ru.
  2856 | D:3      | Found a hazy altar of Hepliaklqana.
  2856 | D:3      | Found a shimmering altar of Xom.
  3007 | D:3      | Found a blossoming altar of Fedhas.
  3242 | D:4      | Slain by a wyvern zombie

Levels and vault maps discovered:
D:1:      zaba_arrival_water, layout_basic, minmay_hexomino_f4
D:2:      layout_loops_ring, tgw_kikubaaqudgha, uniq_jessica
D:3:      minmay_spotlight, layout_basic, fedhas_altar_4, doesnt_xom_only_xom,
          first_ration
D:4:      layout_basic, minmay_temple_entry_ruins, nicolae_zen_rock_garden

Skill      XL: |  1  2  3  4  5 |
---------------+----------------+-----
Dodging        | 2 |  2.9
Fighting       | 2 |  2.9
Transmutations | 3 4 |  4.1
Unarmed Combat | 4 |  4.0
Spellcasting   | |  2.0

Action                   |  1- 3 |  4- 6 || total
-------------------------+-------+-------++-------
Melee: Unarmed           |   148 |   128 ||   276
       Tailslap          |    11 |    12 ||    23
       Kick              |     8 |       ||     8
       Headbutt          |     3 |     2 ||     5
       Dagger            |       |    16 ||    16
 Cast: Beastly Appendage |     8 |     1 ||     9
       Sticks to Snakes  |     8 |       ||     8
       Spider Form       |       |     6 ||     6
  Use: Scroll            |     3 |     6 ||     9
 Stab: Sleeping          |     2 |       ||     2
  Eat: Chunk             |     2 |     7 ||     9
Armor: Skin              |    42 |    37 ||    79
Dodge: Dodged            |    90 |    99 ||   189

Table legend:
 A = Non-vault XP
 B = Vault XP
 C = Vault XP percentage of total XP
 D = Non-vault monster count
 E = Vault monster count
 F = Vault count percentage of total count
                 A         B        C        D         E       F
            +---------+---------+-------+---------+---------+-------
      Total |     306 |      59 |  16.2 |      66 |       8 |  10.8
            +---------+---------+-------+---------+---------+-------
        D:1 |      33 |       9 |  21.4 |      20 |       4 |  16.7
        D:2 |      41 |      32 |  43.8 |      20 |       1 |   4.8
        D:3 |     216 |      18 |   7.7 |      24 |       3 |  11.1
        D:4 |      16 |       0 |   0.0 |       2 |       0 |   0.0
            +---------+---------+-------+---------+---------+-------
